Cogmind - Beta 13 @@@ ROGUE MODE // 2024.05.11 @ 21:49:10 Player: Bace Troncons Result: Destroyed by WB-CBN(R) with Subdweller Machine Gun Performance ------------- Evolutions (0) 0 Regions Visited (2) 400 Robots Destroyed (24) 120 Value Destroyed (626) 626 Prototype IDs (2) 40 Alien Tech Used (0) 0 Bonus (0) 0 TOTAL SCORE: 1186 Bonus ------- None Cogmind --------- Core Integrity 0/250 Matter 300/300 Energy 250/250 System Corruption 0% Temperature Cool (0) Movement Treading (160) Location -10/Subcaves Parts ------- > --- POWER (1) -------- Ion Engine > --- PROPULSION (2) --- Spiked Treads Makeshift Leg > --- UTILITY (2) ------ (None) > --- WEAPON (2) ------- Ripper Makeshift Spear > --- INVENTORY (5) ---- Sensor Array V3-11A's Pendant Heavy Assault Rifle Subdweller Machine Gun Grenade Launcher Peak State ------------ > --- POWER ------------ Ion Engine > --- PROPULSION ------- Makeshift Leg Makeshift Leg > --- UTILITY ---------- Scrap Shield > --- WEAPON ----------- Ripper Makeshift Spear > --- INVENTORY -------- Sensor Array Signal Interpreter Heavy Assault Rifle Subdweller Machine Gun Grenade Launcher [Rating: 21] Favorites ----------- Power Ion Engine Engine Ion Engine Propulsion Light Treads Treads Light Treads Leg Makeshift Leg Utility Large Storage Unit Device Sensor Array Storage Large Storage Unit Processor Targeting Computer Protection Scrap Shield Weapon Heavy Assault Rifle Energy Gun EM Pulse Gun Ballistic Gun Heavy Assault Rifle Ballistic Cannon Light Cannon Impact Weapon Mace Slashing Weapon Ripper Piercing Weapon Makeshift Spear Build | -11 -10 -10 ------- Run | Yrd Mat Sub Slots Evolved . | . . . Power . | . . . Propulsion . | . . . Utility . | . . . Weapon . | . . . Parts Attached 37 | 7 13 17 Power 4 | 2 . 2 Engine 4 | 2 . 2 Core . | . . . Reactor . | . . . Propulsion 9 | 2 2 5 Treads 7 | 2 2 3 Leg 2 | . . 2 Wheel . | . . . Hover . | . . . Flight . | . . . Utility 6 | 1 2 3 Device 1 | . . 1 Storage 3 | 1 2 . Processor 1 | . . 1 Hackware . | . . . Protection 1 | . . 1 Artifact . | . . . Weapon 18 | 2 9 7 Energy Gun 1 | 1 . . Energy Cannon . | . . . Ballistic Gun 10 | 1 6 3 Ballistic Cannon 1 | . 1 . Launcher . | . . . Special Weapon . | . . . Impact Weapon 3 | . 2 1 Slashing Weapon 2 | . . 2 Piercing Weapon 1 | . . 1 Special Melee Weapon . | . . . Unidentified Prototypes . | . . . Parts Lost 6 | . . 6 Power . | . . . Propulsion 3 | . . 3 Utility 1 | . . 1 Weapon 2 | . . 2 Highest Loss Streak 3 | . . 3 To Critical Strikes . | . . . Average Slot Usage (%) 91 | . 96 86 Engine 14 | . 14 14 Treads 24 | . 27 21 Leg 2 | . . 4 Storage 14 | . 24 4 Processor 1 | . . 3 Protection 4 | . . 9 Ballistic Gun 15 | . 18 13 Ballistic Cannon 2 | . 4 . Impact Weapon 2 | . 4 . Slashing Weapon 4 | . . 8 Piercing Weapon 2 | . . 5 Naked Turns . | . . . Heaviest Build 51 | 13 51 51 Greatest Support 40 | 40 40 40 Greatest Overweight (x) 3 | 3 2 1 Average Overweight (x) . | . . . Largest Inventory Capacity 15 | 8 15 15 Average Capacity 10 | 7 13 7 Most Carried 15 | 4 15 15 Average Carried 9 | 1 12 7 Final Capacity 15 | 8 15 5 Final Carried 15 | 3 15 5 Class Distribution -------------------- 91% | Mutant 8% | Derelict-Mutant Dominant Class ---------------- Mutant | -10/Materials Mutant | -10/Subcaves Resources | -11 -10 -10 ----------- Run | Yrd Mat Sub Matter Collected 919 | 216 283 420 Remotely . | . . . Salvage Created 804 | . 353 451 Parts 55 | . 31 24 Haulers Intercepted 2 | . 2 . Recyclers Shooed 1 | . 1 . Parts Field Recycled . | . . . Retrieved Matter . | . . . Parts Self-Destructed 8 | . . 8 Prevented . | . . . Kills | -11 -10 -10 ------- Run | Yrd Mat Sub Combat Hostiles Destroyed 18 | . 9 9 Melee 6 | . . 6 Guns 6 | . 3 3 Cannons 6 | . 6 . Classes Destroyed 8 | . 5 3 Hauler 2 | . 2 . Operator 1 | . 1 . Watcher 3 | . 3 . Swarmer 5 | . 5 . Grunt 5 | . 4 1 Sentry 1 | . . 1 Cobbler 1 | . . 1 Subdweller 7 | . . 7 Best Kill Streak 3 | . 3 2 Combat Bots Only 3 | . 3 2 Max Kills in Single Turn 1 | . 1 1 Gunslinging . | . . . Exploded . | . . . Melee 1 | . . 1 Uniques/NPCs Destroyed . | . . . Combat | -11 -10 -10 -------- Run | Yrd Mat Sub Hostile Shots Fired 106 | . 35 71 Missed 17 | . 7 10 Damage Taken 1526 | . 283 1243 Core 258 | . 41 217 Absorbed by Shields . | . . . Core Remaining (%) 100 | 100 . . Volleys Fired 69 | . 46 23 Largest 2 | . 2 2 Hottest 55 | . 55 46 Shots Fired 137 | . 91 46 Gun 95 | . 49 46 Cannon 42 | . 42 . Launcher . | . . . Special . | . . . Kinetic 137 | . 91 46 Thermal . | . . . Explosive . | . . . Electromagnetic . | . . . Robot Hit Streak 23 | . 6 23 Robot Miss Streak 9 | . 9 2 Penetration Max . | . . . Secondary Targets . | . . . Shots Hit Robots 102 | . 45 57 Core Hits 37 | . 24 13 Critical Kills . | . . . Critical Parts Destroyed . | . . . Critical Strikes 2 | . 2 . Blast 2 | . 2 . Melee Attacks 40 | . 5 35 Impact 6 | . 5 1 Slashing 28 | . . 28 Piercing 6 | . . 6 Sneak Attacks 1 | . . 1 Combat Hostiles . | . . . Follow-up Attacks 2 | . . 2 Damage Inflicted 1563 | . 652 911 Guns 503 | . 260 243 Cannons 392 | . 392 . Explosions . | . . . Melee 668 | . . 668 Ramming . | . . . Kinetic 895 | . 652 243 Thermal . | . . . Explosive . | . . . Electromagnetic . | . . . Impact . | . . . Slashing 603 | . . 603 Piercing 65 | . . 65 Highest Corruption . | . . . Average Corruption . | . . . Corruption Purged . | . . . Corruption Blocked . | . . . Overload Shots . | . . . Overflow Damage 18 | . . 18 Projectiles . | . . . Explosions . | . . . Melee 18 | . . 18 Knockbacks 6 | . 6 . Impact . | . . . Kinetic 5 | . 5 . Secondary 1 | . 1 . Self-Inflicted Damage . | . . . Shots . | . . . Rammed . | . . . Targets Rammed . | . . . Kicked . | . . . Crushed . | . . . Highest Temperature 284 | . 67 284 Average Temperature 29 | . 16 171 Received Heat Transfer 573 | . 102 471 Siege Activations . | . . . Robots Corrupted . | . . . Combat Hostiles . | . . . Parts Fried . | . . . Impact Corruptions . | . . . Robots Melted . | . . . Combat Hostiles . | . . . Parts Melted . | . . . Heat Transferred . | . . . Parts Sabotaged . | . . . Parts Stolen . | . . . Parts Stripped . | . . . Power Chain Reactions . | . . . Alert | -11 -10 -10 ------- Run | Yrd Mat Sub Peak Influence 250 | . 250 . Initial . | . . . Average 60 | . 63 . Maximum Alert Level 1 | . 1 . Low Security (%) 90 | 100 89 . Level 1 9 | . 10 . Level 2 . | . . . Level 3 . | . . . Level 4 . | . . . Level 5 . | . . . High Security . | . . . Max Security . | . . . Squads Dispatched . | . . . Investigation . | . . . Extermination . | . . . Reinforcement . | . . . Assault . | . . . Garrison . | . . . Intercept . | . . . Searches Triggered . | . . . Construction Impeded . | . . . Haulers Reinforced . | . . . Active Scanning Responses . | . . . Cargo Convoy Interrupts . | . . . Stealth | -11 -10 -10 --------- Run | Yrd Mat Sub Distress Signals 2 | . 2 . Communications Jammed . | . . . Distress Signals . | . . . Times Spotted 33 | . 23 10 Peak Tracking Total 6 | . 6 3 Tactical Retreats 7 | . 7 . Traps | -11 -10 -10 ------- Run | Yrd Mat Sub Traps Triggered 1 | . 1 . Indirectly . | . . . Trap Hack Attempts . | . . . Triggered . | . . . Disarmed . | . . . Reprogrammed 4 | . 4 . Reused . | . . . Traps Extracted . | . . . Installed . | . . . Triggered . | . . . Machines | -11 -10 -10 ---------- Run | Yrd Mat Sub Machines Disabled . | . . . Max in Single Turn . | . . . Machines Repaired . | . . . Machines Dismantled . | . . . Machines Sabotaged . | . . . Overloaded Fab Kills . | . . . Hacking | -11 -10 -10 --------- Run | Yrd Mat Sub Machines Accessed 4 | . 4 . Terminals 3 | . 3 . Fabricators . | . . . Repair Stations 1 | . 1 . Recycling Units . | . . . Scanalyzers . | . . . Garrison Access . | . . . Total Hacks 10 | . 10 . Successful 5 | . 5 . Failed 5 | . 5 . Catastrophic 3 | . 3 . Database Lockouts . | . . . Manual 5 | . 5 . Terminals 8 | . 8 . Fabricators . | . . . Repair Stations 2 | . 2 . Recycling Units . | . . . Scanalyzers . | . . . Garrison Access . | . . . Terminal Hacks 4 | . 4 . Prototype ID Bank 1 | . 1 . Terminal Index 1 | . 1 . Locate Traps 1 | . 1 . Reprogram Traps 1 | . 1 . Fabricator Hacks . | . . . Repair Station Hacks 1 | . 1 . Scan Component 1 | . 1 . Recycling Unit Hacks . | . . . Scanalyzer . | . . . Garrison Access Hacks . | . . . Unauthorized Hacks . | . . . Terminals . | . . . Fabricators . | . . . Repair Stations . | . . . Recycling Units . | . . . Scanalyzers . | . . . Garrison Access . | . . . Data Cores Recovered 1 | . 1 . Used . | . . . Hacking Detections 4 | . 4 . Full Trace Events . | . . . Feedback Events . | . . . Feedback Blocked . | . . . Robot Schematics Acquired . | . . . Robots Built . | . . . Authchips . | . . . Time . | . . . Total Robot Build Rating . | . . . Part Schematics Acquired . | . . . Parts Built . | . . . Authchips . | . . . Time . | . . . Total Part Build Rating . | . . . Parts Repaired . | . . . Time . | . . . Parts Recycled . | . . . Recycled Matter . | . . . Retrieved Matter . | . . . Retrieved Components . | . . . Parts Scanalyzed . | . . . Part Schematics Acquired . | . . . Parts Damaged . | . . . Bothacking | -11 -10 -10 ------------ Run | Yrd Mat Sub Used RIF Installer . | . . . Robots Hacked . | . . . Non-combat . | . . . Combat . | . . . Robot Hacks Applied . | . . . Relay Couplers Released . | . . . Fabnet Peak Effective % . | . . . Robots Rewired . | . . . Allies Hacked . | . . . Hacks Repelled . | . . . Allies | -11 -10 -10 -------- Run | Yrd Mat Sub Total Allies . | . . . Largest Group . | . . . Highest-Rated Group . | . . . Highest-Rated Ally . | . . . Total Orders . | . . . Ally Attacks . | . . . Total Damage . | . . . Kills . | . . . Allies Corrupted . | . . . Allies Melted . | . . . Intel | -11 -10 -10 ------- Run | Yrd Mat Sub Robot Analysis Total . | . . . Derelict Logs Recovered 2 | . . 2 Drone Launches . | . . . Drone Recoveries . | . . . Exploration | -11 -10 -10 ------------- Run | Yrd Mat Sub Turns Passed 3158 | 71 1540 1547 Spaces Moved 1431 | 39 645 747 Core 11 | 11 . . Treads 1288 | 28 645 615 Legs 132 | . . 132 Wheels . | . . . Hover . | . . . Flight . | . . . Fastest Speed 50 | 50 160 140 Average Speed 183 | 152 199 171 Slowest Speed 320 | 200 320 260 Overloaded Moves . | . . . Propulsion Burnouts . | . . . Robots Hopped . | . . . Cave-ins Triggered . | . . . Exploration Rate (%) 45 | 4 93 38 Regions Visited 2 Branch Regions 1 Pre-discovered Areas 1 | . . 1 Known Exits Taken . | . . . Unknown Exits Taken 2 | 1 1 . Scrap Searched 9 | . . 9 Spaces Dug 9 | . 3 6 Terrain Destroyed 9 | . 3 6 Melee 9 | . 3 6 Projectile . | . . . AOE . | . . . Terrain Rammed . | . . . Walls Destroyed . | . . . Machines Disabled . | . . . Actions | -11 -10 -10 --------- Run | Yrd Mat Sub Total 1785 | 48 810 927 Wait 152 | . 65 87 Move 1429 | 38 644 747 Hop . | . . . Pick Up 29 | 3 22 4 Fast Attach 18 | 5 6 7 Attach 5 | 1 . 4 Detach 3 | . . 3 Swap 14 | 1 7 6 Drop 29 | . 15 14 Fire 69 | . 46 23 Melee 34 | . 5 29 Ram . | . . . Kick . | . . . Crush . | . . . Escape Stasis . | . . . Rewire . | . . . Trap . | . . . Miscellaneous 3 | . . 3 Route ------- -11/Scrapyard -10/Materials (discovered 5 exits: [*Mat x3] / [*Min] / [*Sub]) -10/Subcaves (discovered 1 exit: [*Mat]) History --------- Turn | Location | Event 16 | -11/Scrapyard | Discovered new exit (range 16) 72 | -11/Scrapyard | Entered Materials 252 | -10/Materials | Discovered new exit (range 16) 308 | -10/Materials | Build established: Mutant 695 | -10/Materials | Discovered new exit (range 4) 839 | -10/Materials | Discovered new exit (range 15) 1184 | -10/Materials | Discovered new exit (range 7) 1595 | -10/Materials | Discovered new exit (range 8) 1612 | -10/Materials | Entered Subcaves 1838 | -10/Subcaves | Discovered new exit (range 8) 1979 | -10/Subcaves | Core integrity fell below 50% 1997 | -10/Subcaves | Lost 3 parts (1n2w) 2743 | -10/Subcaves | Learned Materials terminal intel 2771 | -10/Subcaves | A swath of the cavern ceiling suddenly collapsed 2926 | -10/Subcaves | Learned location of Storage (-8) 2962 | -10/Subcaves | Visited triangular shrine 2971 | -10/Subcaves | Found Prototype Device 3061 | -10/Subcaves | Core integrity fell below 20% 3096 | -10/Subcaves | Shifting Twisted Machinery released Spk. Treads 3107 | -10/Subcaves | Shifting Twisted Machinery released Barrage Gun 3123 | -10/Subcaves | A Subdweller sparked back to life 3123 | -10/Subcaves | A Subdweller sparked back to life 3159 | -10/Subcaves | Destroyed by WB-CBN(R) with Subdweller Machine Gun Last Messages --------------- 03078_ Beam Rifle fries itself beyond repair. 03080_ Heat Sink fries itself beyond repair. 03085_ Lgt. Armor Plating fries itself beyond repair. Spk. Treads falls loose from the Twisted Machinery. Barrage Gun falls loose from the Twisted Machinery. 03116_ Acquired Spk. Treads. 03123_ Sneak attack on WB-CBN(R). 03123_ WB-CBN(R) creaks and sparks as it begins to move. 03123_ RI-6AT(R) creaks and sparks as it begins to move. 03138_ RI-6AT(R) destroyed. 03140_ Scrap Shield destroyed. 03141_ 8Z-448(R) destroyed. 03146_ WB-CBN(R) affixes Scrap Shield Fragment to Scrap Shield. 03156_ Acquired 5 matter. Map ----- +----------------------------------------------------+ | | | | | | | | | | | | | ?????????????????????????????????????????????????? | | ?????????????????????????????????????????????????? | | ?????????????????????????????????????????????????? | | ?????????????????????????????????????????????????? | | ?????????????????????????????????????????????????? | | ?????????????????????????????????????????????????? | | ?????????????????????????????????????????????????? | | ?????????????????????????????????????????????????? | | ?????????????????????????????????????????????????? | | ?????????????????????????????????????????????????? | | ?????????????????????????????????????????????????? | | ?????????????????????????????????????????????????? | | ?????????????????????????????????????????????????? | | ?????????????????????????????????????????????????? | | ????????????????????????????###??????????????????? | | ???????????????############## ###????????????????? | | ###??????????### ## ## # "##???????????????? | | # ###????????# & R " #???????????????? | | #??####??# [% " #???????????????? | | #### #### # ## =@### "[ #??????????????? | | # ###### &=#? " " ??????????? | | ## # %% ##????## =## & " & ????????? | | ##"## #?????## # ""### ????????? | | ### # # " " #??? #????????? | | ### # ""#????# #????????? | | #### ## #?# # #### "## ?????? ????????? | | ##?# # # ##???# ???????????????????? | | # #?# ## #???? ???????????????????? | | ## #?# # # ##????# ???????????????????? | | ?# ##?# #############?????##???????????????????? | | ## ##??? #??????????????????????????????????????? | | # #???? #??????????????????????????????????????? | | # #??## ##?##??????????????????????????????????? | | ## #??# ## #??????????????????????????????????? | | ?# #### #??????????????????????????????????? | | ## # # ##?????????????????????????????????? | | # #?????????????????????????????????? | | # #?????????????????????????????????? | | ### #???????????????????????????????????? | | ??### ##???????????????????????????????????? | | ????# ####????????????????????????????????????? | | ???## #???????????????????????????????????????? | | ???# #???????????????????????????????????????? | | ???# ##???????????????????????????????????????? | +----------------------------------------------------+ Best States ------------- Heat Dissipation 25 Energy Generation 10 Energy Capacity 250 Matter Stores 300 Matter Capacity 300 Sight Range 16 Terrain Scan Density 10 Armor Coverage 800 Evasion (%) 55 Targeting Accuracy 5 Recoil Reduction 2 Item Schematics ----------------- None Robot Schematics ------------------ None Fabricated ------------ Nothing Alien Tech Used ----------------- None Achievements -------------- None Challenges ------------ None Game ------ Seed DrainedWeldingAnalyzer Manual? 0 Play Time 00:25:56 Cumulative 67.1 hours Start 2024.05.11 @ 21:22:23 End 2024.05.11 @ 21:49:10 Sessions 1 Manual Loads 0 Difficulty Rogue Special Mode None Game No. 103 Rogue 103 Adventurer 0 Explorer 0 Win Type - Total 1 Types 1/0/0/0/0/0/0/0/0 Lore% 32 Gallery% 39 Achievement% 31 Wizard Run 0 Options --------- Layout 1 ASCII 0 Keyboard 1 Movement Numpad Keybinds 0 Fullscreen 1 Font 24/Smallcaps Map View 50x35 Zoom Use 0% Tactical HUD 1 Map Filters NONE Filters NONE Steam 1 RUN: 5e3b303c-85c7-4f86-9c00-42baca51065d